 Dungeon Crawl Stone Soup version 0.30-a0-439-g9e77e4d916 (webtiles) character file.

Game seed: 2127839302046650640

202 AigisTheKnight the Digger (level 5, -2/31 HPs)
             Began as a Gargoyle Earth Elementalist on Dec 11, 2022.
             Slain by an iguana (9 damage)
             ... on level 4 of the Dungeon.
             The game lasted 00:02:36 (1904 turns).

AigisTheKnight the Digger (GrEE)                    Turns: 1904, Time: 00:02:37

Health: -2/31      AC:  7    Str: 12    XL:     5   Next: 80%
Magic:  3/9        EV: 11    Int: 17    God:
Gold:   226        SH:  0    Dex: 10    Spells: 9/10 levels left

rFire   . . .      SeeInvis .    f - +2 short sword (venom)
rCold   . . .      Faith    .    (no shield)
rNeg    + . .      Spirit   .    a - +0 robe
rPois   ∞          Reflect  .    r - +0 helmet
rElec   +          Harm     .    (no cloak)
rCorr   .          Rampage  .    (no gloves)
Will    .....                    (no boots)
Stlth   ++........               (no amulet)
HPRegen 0.25/turn                (no ring)
MPRegen 0.11/turn                (no ring)

@: no status effects
A: sickness immunity, AC +4, negative energy resistance 1, electricity
resistance, torment resistance 1, petrification resistance
a: no special abilities


You were on level 4 of the Dungeon.
You visited 1 branch of the dungeon, and saw 4 of its levels.

You collected 226 gold pieces.

Inventory:

Hand Weapons
 f - a +2 short sword of venom (weapon)
Armour
 a - a +0 robe (worn)
 r - a +0 helmet (worn)
Jewellery
 h - a +4 ring of evasion
Scrolls
 d - 2 scrolls of butterflies {unknown}
 g - 5 scrolls of identify {unknown}
 i - 3 scrolls of teleportation {unknown}
 k - 2 scrolls of amnesia {unknown}
 l - a scroll of acquirement {unknown}
Potions
 b - a potion of magic
 c - a potion of heal wounds {unknown}
 e - a potion of cancellation {unknown}
 j - a potion of mutation {unknown}
 m - a potion of curing {unknown}
 n - a potion of lignification {unknown}
 o - 2 potions of might {unknown}
 p - a potion of degeneration {unknown}
 q - a potion of berserk rage {unknown}


   Skills:
 + Level 2.6 Fighting
 - Level 1.5 Dodging
 - Level 2.1 Stealth
 + Level 3.1 Spellcasting
 + Level 2.7 Conjurations
 - Level 0.7 Transmutations
 + Level 4.9 Earth Magic


You had 9 spell levels left.
You knew the following spells:

 Your Spells              Type           Power      Damage    Failure   Level
a - Sandblast             Erth           38%        2d10      2%          1

Your spell library contained the following spells:

 Spells                   Type           Power      Damage    Failure   Level
 Passwall                 Tmut/Erth      10%        N/A       9%          2
 Stone Arrow              Conj/Erth      30%        3d8       11%         3
 Petrify                  Tmut/Erth      12%        N/A       47%         4


Dungeon Overview and Level Annotations

Branches:
Dungeon (4/15)
 Temple: D:4-7

Altars:


Innate Abilities, Weirdness & Mutations

You are immune to sickness and miasma.
Your stone body is resilient. (AC +4)
You are immune to poison.
You resist negative energy. (rN+)
You are resistant to electric shocks. (rElec)
You are resistant to unholy torment.
You are immune to petrification.


Message History

Press: ? - help, Shift-Dir - straight line, f - ogre
Aim: an ogre, wielding a +0 giant spiked club (91% to hit)
The blast of sand hits the ogre!
The ogre is moderately wounded.
The iguana hisses angrily.
Unknown command.
Casting: Sandblast (safe; 2% risk of failure)
Confirm with . or Enter, or press ? or * to list all spells.
Aiming: Sandblast (safe; 2% risk of failure)
Press: ? - help, Shift-Dir - straight line, f/p - ogre
Aim: an ogre, wielding a +0 giant spiked club (moderately wounded, 91% to hit)
The blast of sand hits the ogre.
The ogre is heavily wounded.
A goblin comes into view. It is wielding a +0 club.
The ogre hits you with a +0 giant spiked club!
Ouch! That really hurt!
Casting: Sandblast (safe; 2% risk of failure)
Confirm with . or Enter, or press ? or * to list all spells.
Aiming: Sandblast (safe; 2% risk of failure)
Press: ? - help, Shift-Dir - straight line, f/p - ogre
Aim: an ogre, wielding a +0 giant spiked club (heavily wounded, 91% to hit)
The blast of sand hits the ogre.
The ogre is severely wounded.
The goblin shouts!
The ogre barely misses you. The iguana closely misses you.
Casting: Sandblast (safe; 2% risk of failure)
Confirm with . or Enter, or press ? or * to list all spells.
Aiming: Sandblast (safe; 2% risk of failure)
Press: ? - help, Shift-Dir - straight line, f/p - ogre
Aim: an ogre, wielding a +0 giant spiked club (severely wounded, 91% to hit)
The blast of sand hits the ogre!
You kill the ogre!
The iguana barely misses you.
Your Spellcasting skill increases to level 3!
You hit the iguana but do no damage.
The iguana is poisoned.
The iguana bites you!
* * * LOW HITPOINT WARNING * * *
The iguana attacks as you move away! The iguana closely misses you.
The iguana attacks as you move away! The iguana bites you!
You die...

..B..........
#$..#......
..........
......... #....# #
#..<##.##
#....#..# #......#
#@l....#
......)..##g......
...##.##.# ......#
## ### ......#
......# ......#
....... ...#...


You could see an iguana (very poisoned) and a goblin.

Vanquished Creatures
  An ogre (D:4)
  A jelly (D:4)
  3 adders
  A worm (D:2)
  4 dart slugs
  An orc (D:3)
  5 endoplasms
  2 giant cockroaches
  5 goblins
  4 hobgoblins (D:1)
  3 jackals (D:1)
  4 ball pythons
  5 bats
  3 frilled lizards
  6 kobolds
  5 rats
53 creatures vanquished.

Notes
Turn   | Place    | Note
-------+----------+-------------------------------------------
     0 | D:1      | AigisTheKnight the Gargoyle Earth Elementalist began the
                  | quest for the Orb.
     0 | D:1      | Reached XP level 1. HP: 10/10 MP: 3/3
   150 | D:1      | Reached XP level 2. HP: 10/16 MP: 0/5
   328 | D:1      | Reached skill level 1 in Fighting
   330 | D:1      | Reached skill level 1 in Conjurations
   372 | D:1      | Reached skill level 4 in Earth Magic
   526 | D:1      | Reached XP level 3. HP: 11/20 MP: 4/6
  1080 | D:2      | Identified the +2 ring mail of Oroogyk {Dex+2}
  1315 | D:3      | Reached XP level 4. HP: 25/25 MP: 7/7
  1882 | D:4      | Noticed an ogre
  1890 | D:4      | Reached XP level 5. HP: 30/30 MP: 5/9
  1899 | D:4      | Killed an ogre
  1904 | D:4      | Slain by an iguana

Illustrated notes

Levels and vault maps discovered:
D:1:      scummos_arrival_gate, layout_rooms
D:2:      layout_rooms
D:3:      layout_rooms, minivault_23, minmay_quadrilaterals
D:4:      layout_cave_pools, minmay_temple_entry_sparse_star, sigmund_army

Skill      XL: |  1  2  3  4  5 |
---------------+----------------+-----
Fighting       | 1 2 |  2.6
Conjurations   | 1 2 |  2.7
Earth Magic    | 4 |  4.9
Spellcasting   | 3 |  3.1
Dodging        | |  1.5
Stealth        | |  2.1
Transmutations | |  0.7

Action                   |  1- 3 |  4- 6 || total
-------------------------+-------+-------++-------
Melee: Unarmed           |    11 |       ||    11
       Short sword       |    63 |    30 ||    93
 Cast: Sandblast         |    23 |     7 ||    30
 Stab: Sleeping          |     4 |     2 ||     6
Armor: Robe              |    37 |     5 ||    42
Dodge: Dodged            |    72 |    25 ||    97

Table legend: (Time is in decaauts)
 A = Elapsed time spent in this place.
 B = Non-inter-level travel time spent in this place.
 C = Inter-level travel time spent in this place.
 D = Time resting spent in this place.
 E = Time spent auto-exploring this place.
 F = Levels seen in this place.
 G = Mean time per level.
                   A        B        C        D        E       F      G
               +--------+--------+--------+--------+--------+-----+--------+
         Total |   1917 |   1820 |     97 |      0 |   1416 |   4 |  479.2 |
       Dungeon |   1917 |   1820 |     97 |      0 |   1416 |   4 |  479.2 |
               +--------+--------+--------+--------+--------+-----+--------+

Top non-repeatable levels by time:
     D:1: 710 daAuts
     D:3: 608 daAuts
     D:2: 572 daAuts
     D:4: 26 daAuts
